 Dungeon Crawl Stone Soup version 0.19.0-2-gae57169 (webtiles) character file.

1008 Patchouli the Caller (level 8, -7/50 HPs)
             Began as a Tengu Summoner on Nov 4, 2016.
             Was a Follower of Sif Muna.
             Mangled by androgeny's ghost (17 damage)
             ... on level 8 of the Dungeon.
             The game lasted 00:34:51 (4189 turns).

Patchouli the Caller (Tengu Summoner)               Turns: 4189, Time: 00:34:51

Health: -7/50      AC:  3    Str:  9    XL:     8   Next: 20%
Magic:  7/15       EV: 14    Int: 17    God:    Sif Muna [*.....]
Gold:   284        SH:  5    Dex: 15    Spells: 5 memorised, 2 levels left

rFire  . . .     SeeInvis .     x - +3 spear
rCold  + . .     Gourm    .     a - +0 robe
rNeg   . . .     Faith    .     (no shield)
rPois  .         Spirit   .     (helmet restricted)
rElec  .         Reflect  +     (no cloak)
rCorr  .         Harm     .     r - +0 pair of gloves
MR     +....                    (boots unavailable)
Stlth  ++........               k - +5 amulet of reflection (curse)
                                q - ring of protection from cold
                                f - ring of protection from magic

@: very slightly contaminated, hasted, very quick
A: beak, talons 3, robust 1, able to fly 1
a: Fly, Divine Energy, Renounce Religion


You were on level 8 of the Dungeon.
You worshipped Sif Muna.
Sif Muna was aware of your devotion.
You were not hungry.

You visited 3 branches of the dungeon, and saw 11 of its levels.

You collected 284 gold pieces.

Inventory:

Hand Weapons
 d - a +0 hand axe
 e - a +0 spear
 o - a -1 quarterstaff
 x - a +3 spear (weapon)
 E - a +0 quarterstaff of protection
Missiles
 l - 4 tomahawks (quivered)
 w - a throwing net
Armour
 a - a +0 robe (worn)
 r - a +0 pair of gloves (worn)
Jewellery
 f - a ring of protection from magic (left hand)
 g - an uncursed amulet of regeneration
 k - a cursed +5 amulet of reflection (around neck)
 p - an uncursed amulet of magic regeneration {unknown}
 q - a ring of protection from cold (right hand)
 v - an uncursed amulet of the gourmand {unknown}
Wands
 j - a wand of heal wounds (2/9)
 y - a wand of teleportation (3/9)
 F - a wand of lightning (9/15)
Scrolls
 h - 4 scrolls of identify
 s - a scroll of immolation
 u - a scroll of amnesia {unknown}
 A - a scroll of teleportation
 D - a scroll of noise {unknown}
 G - a scroll of remove curse
Potions
 m - 3 potions of might
 n - a potion of cancellation
 t - 2 potions of haste
 z - a potion of curing
 C - a potion of degeneration {unknown}
Books
 b - a book of Callings

   Spells                             Type                      Level
   a - Summon Small Mammal            Summoning                    1
   b - Call Imp                       Summoning                    2
   c - Call Canine Familiar           Summoning                    3
   d - Summon Guardian Golem          Hexes/Summoning              3
   e - Summon Lightning Spire         Summoning/Air                4
   f - Summon Ice Beast               Ice/Summoning                4
Comestibles
 c - 2 bread rations
 i - a meat ration
 B - 2 chunks of flesh


   Skills:
 - Level 3.1 Fighting
 - Level 2.5 Polearms
 * Level 2.9 Armour
 * Level 3.9 Dodging
 - Level 2.0 Stealth
 * Level 4.0 Spellcasting
 * Level 1.6 Hexes
 * Level 6.7 Summonings
 * Level 3.8 Air Magic
 + Level 0.6 Invocations


You had 2 spell levels left.
You knew the following spells:

 Your Spells              Type           Power        Failure   Level  Hunger
a - Summon Small Mammal   Summ           ####         1%          1    None
b - Call Imp              Summ           ####....     1%          2    ##.....
c - Call Canine Familiar  Summ           ####....     3%          3    ###....
d - Summon Lightning Spi  Summ/Air       ###.....     21%         4    ####...
e - Summon Guardian Gole  Hex/Summ       ###.....     10%         3    ###....


Dungeon Overview and Level Annotations

Branches:
Dungeon (9/15)             Temple (1/1) D:4            Lair (1/6) D:8
    Orc: D:9-12

Altars:
Ashenzari
Cheibriados
Dithmenos
Fedhas
Gozag
Hepliaklqana
Kikubaaqudgha
Makhleb
Nemelex Xobeh
Okawaru
Qazlal
Sif Muna
Trog
Uskayaw
Vehumet
Xom
Yredelemnul
Zin
The Shining One

Shops:
D:7 ([   D:9 :

Annotations:
D:5 Edmund, Prince Ribbit
D:8 androgeny's ghost, journeyman FoFi


Innate Abilities, Weirdness & Mutations

You have a beak for a mouth.
You have claws for feet.
You can fly.
You are robust. (+10% HP)


Message History

Androgeny's ghost hits your crimson imp!
Your crimson imp dies!
Your hound bites androgeny's ghost but does no damage.
Casting: Call Imp
Confirm with . or Enter, or press ? or * to list all spells.
Aiming: Summon Lightning Spire
Press: ? - help, Dir - move target cursor You miscast Summon Lightning Spire.
You are very lightly contaminated with residual magic.
You are caught in a localised spatial distortion.
Your hound bites androgeny's ghost but does no damage.
Androgeny's ghost hits you!
* * * LOW HITPOINT WARNING * * *
Your hound completely misses androgeny's ghost.
Press: ? - help, v - describe, . - travel
Here: androgeny's ghost The floor, spattered with blood.
Okay, then.
You feel yourself speed up. Androgeny's ghost hits you!
You die...

#.[# #.##..# # #.##
#.##..# .# #.#
#.##..#####.# #.#
#...........# #.#
####......### #.#
##.###.# #.# #.# #.#
#.################.#
#.#
#..............@Wh.#
#.#
####################
#.# #.#####.#
#<....... #######.#


You could see androgeny's ghost and a friendly hound.

Vanquished Creatures
  A black bear (D:8)
  A bullfrog (D:6)
  A crimson imp (D:6)
  A bullfrog zombie (D:8)
  A hound (D:4)
  3 orc wizards
  A killer bee zombie (D:7)
  A hound skeleton (D:8)
  An adder (D:4)
  5 orcs
  2 quokkas
  2 bats (D:3)
  4 frilled lizards
  A kobold (D:2)
  A leopard gecko skeleton (D:7)
  3 rats
29 creatures vanquished.

Vanquished Creatures (collateral kills)
  An ice beast (D:7)
  A sky beast (D:6)
  A black bear (D:6)
  4 ogres
  A centaur (D:7)
  A big kobold (D:9)
  A bullfrog (D:6)
  A scorpion (D:4)
  A howler monkey (D:8)
  A quasit (D:6)
  A bullfrog skeleton (D:6)
  2 hounds
  2 bullfrog zombies
  3 orc wizards
  An iguana (D:5)
  2 worker ants (D:4)
  A worker ant zombie (D:5)
  A howler monkey skeleton (D:5)
  3 adders
  5 gnolls
  A shadow imp (D:6)
  A worm (D:3)
  4 leopard geckos
  12 orcs
  A giant cockroach (D:2)
  2 goblins (D:4)
  3 hobgoblins
  A quokka (D:7)
  4 bats
  2 frilled lizards (D:2)
  2 kobolds
  2 quokka skeletons
  2 rats (D:3)
71 creatures vanquished.

Vanquished Creatures (others)
  A quokka (D:8)
  A plant (D:9)
2 creatures vanquished.

Grand Total: 102 creatures vanquished

Notes
Turn   | Place    | Note
-------+----------+-------------------------------------------
     0 | D:1      | Patchouli the Tengu Summoner began the quest for the Orb.
     0 | D:1      | Reached XP level 1. HP: 10/10 MP: 4/4
   202 | D:2      | Reached XP level 2. HP: 12/15 MP: 3/6
   234 | D:2      | Learned a level 2 spell: Call Imp
   315 | D:3      | Found a hide-covered altar of Uskayaw.
   384 | D:3      | Reached skill level 5 in Summonings
   529 | D:4      | Reached XP level 3. HP: 20/20 MP: 0/7
   541 | D:4      | Found an iron altar of Okawaru.
   559 | D:4      | Learned a level 3 spell: Call Canine Familiar
   676 | D:4      | Noticed an ogre
   824 | D:5      | Entered Level 5 of the Dungeon
   861 | D:4      | Noticed an ogre
  1316 | D:6      | Noticed a bullfrog
  1322 | D:6      | Noticed a bullfrog
  1322 | D:6      | Killed a bullfrog
  1322 | D:6      | Reached skill level 1 in Fighting
  1322 | D:6      | Reached skill level 1 in Polearms
  1322 | D:6      | Reached skill level 1 in Armour
  1322 | D:6      | Reached XP level 4. HP: 25/25 MP: 0/9
  1326 | D:6      | Killed a bullfrog
  1326 | D:6      | Gained mutation: You can fly. [Tengu growth]
  1326 | D:6      | Reached XP level 5. HP: 29/29 MP: 1/10
  1332 | D:6      | Learned a level 4 spell: Summon Lightning Spire
  1525 | D:6      | Noticed an ogre
  1534 | D:6      | Gained mutation: You are robust. (+10% HP) [potion of mutation]
  1579 | D:6      | Reached skill level 1 in Air Magic
  1588 | D:6      | Noticed a black bear
  1596 | D:6      | Killed a black bear
  1606 | D:5      | Noticed a sky beast
  1695 | D:5      | Noticed a sky beast
  1702 | D:5      | Noticed Edmund
  1735 | D:6      | Killed a sky beast
  1735 | D:6      | Reached XP level 6. HP: 38/38 MP: 2/11
  1842 | D:5      | Noticed Prince Ribbit
  2052 | D:7      | Found a snail-covered altar of Cheibriados.
  2052 | D:7      | Noticed an orc warrior
  2185 | D:4      | Found a staircase to the Ecumenical Temple.
  2212 | D:4      | Reached skill level 6 in Summonings
  2224 | Temple   | Entered the Ecumenical Temple
  2378 | Temple   | Became a worshipper of Sif Muna the Loreminder
  2413 | D:4      | Reached XP level 7. HP: 44/44 MP: 6/13
  2729 | D:5      | Learned a level 3 spell: Summon Guardian Golem
  2933 | D:7      | Found a basalt altar of Yredelemnul.
  2961 | D:7      | Noticed a hornet
  3169 | D:6      | Found a shattered altar of Ashenzari.
  3662 | D:7      | Reached skill level 1 in Hexes
  3732 | D:7      | Found Zecunniq's Antique Weapon Emporium.
  3795 | D:7      | Found Aquwahuv's Armour Shop.
  3823 | D:8      | Found a staircase to the Lair.
  3847 | Lair:1   | Entered Level 1 of the Lair of Beasts
  3847 | Lair:1   | Noticed a yak
  3847 | Lair:1   | Noticed a yak
  3847 | Lair:1   | Noticed a yak
  3847 | Lair:1   | Noticed a yak
  3860 | D:8      | Noticed androgeny's ghost (journeyman FoFi)
  3867 | D:9      | Found Riut's Book Emporium.
  3867 | D:9      | Noticed a two-headed ogre
  3883 | D:9      | Reached XP level 8. HP: 49/49 MP: 5/14
  3962 | D:8      | Reached * piety under Sif Muna
  4037 | D:8      | Found a glowing golden altar of the Shining One.
  4189 | D:8      | Mangled by androgeny's ghost

Skill      XL: |  1  2  3  4  5  6  7  8 |
---------------+-------------------------+-----
Summonings     | 5 6 |  6.7
Fighting       | 1 2 3 |  3.1
Polearms       | 1 2 |  2.5
Armour         | 1 2 |  2.9
Dodging        | 3 |  3.9
Spellcasting   | 3 4 |  4.0
Air Magic      | 2 3 |  3.8
Hexes          | 1 |  1.6
Stealth        | |  2.0
Invocations    | |  0.6

Action                   |  1- 3 |  4- 6 |  7- 9 || total
-------------------------+-------+-------+-------++-------
Melee: Spear             |    55 |     1 |    81 ||   137
       Unarmed           |     2 |       |       ||     2
       Kick              |     4 |     1 |     6 ||    11
       Peck              |     1 |     1 |     1 ||     3
       Quarterstaff      |       |    16 |       ||    16
 Cast: Summon Small Mamm |    21 |     2 |       ||    23
       Call Imp          |    18 |    27 |    40 ||    85
       Call Canine Famil |     6 |    18 |    25 ||    49
  Use: Potion            |     1 |     7 |     1 ||     9
       Scroll            |     1 |     5 |     2 ||     8
 Stab: Sleeping          |     5 |       |     3 ||     8
       Distracted        |     1 |     1 |     1 ||     3
  Eat: Chunk             |     3 |     7 |     5 ||    15
       Meat ration       |       |       |     1 ||     1
Armor: Robe              |    18 |     9 |     7 ||    34
       Skin              |       |     9 |       ||     9
Dodge: Dodged            |    47 |    27 |    36 ||   110
Block: Other             |       |       |     4 ||     4
       Reflection        |       |       |     1 ||     1
